 Dungeon Crawl Stone Soup version 0.27.0-1-g7a089689b8 (webtiles) character file.

Game seed: 1337917022069287216

249 sasquatch the Sneak (level 5, -2/25 HPs)
             Began as a Spriggan Brigand on Aug 2, 2021.
             Slain by a kobold (5 damage)
             ... on level 4 of the Dungeon.
             The game lasted 00:06:44 (3826 turns).

sasquatch the Sneak (Spriggan Brigand)              Turns: 3826, Time: 00:06:45

Health: -2/25      AC:  3    Str:  7    XL:     5   Next: 87%
Magic:  6/6        EV: 16    Int: 12    God:
Gold:   136        SH:  0    Dex: 18    Spells: 4/4 levels left

rFire    . . .     SeeInvis +   f - +2 dagger (drain)
rCold    . . .     Faith    .   (shield restricted)
rNeg     . . .     Spirit   .   b - +0 robe
rPois    .         Reflect  .   (helmet restricted)
rElec    .         Harm     .   c - +0 cloak
rCorr    .         Rampage  .   (gloves unavailable)
Will     +....                  (boots unavailable)
Stlth    ++++......             (no amulet)
HPRegen  0.08/turn              q - ring of willpower
MPRegen  0.10/turn              (no ring)

@: very quick
A: very small, no large weapons, unfitting armour, see invisible, speed 3
a: no special abilities


You were on level 4 of the Dungeon.
You visited 1 branch of the dungeon, and saw 4 of its levels.

You collected 136 gold pieces.

Inventory:

Hand Weapons
 a - a +2 dagger
 f - a +2 dagger of draining (weapon)
Missiles
 d - 13 poisoned darts (quivered)
 e - 2 curare-tipped darts
Armour
 b - a +0 robe (worn)
 c - a +0 cloak (worn)
 l - a +0 buckler
Jewellery
 q - a ring of willpower (left hand)
Wands
 m - a wand of flame (31)
 p - a wand of polymorph (7)
Scrolls
 g - 2 scrolls of identify {unknown}
 h - 2 scrolls of teleportation {unknown}
 i - a scroll of amnesia {unknown}
 j - 2 scrolls of fear {unknown}
 o - a scroll of holy word {unknown}
Potions
 k - a potion of curing {unknown}
 n - a potion of heal wounds {unknown}


   Skills:
 - Level 1.5 Fighting
 * Level 5.7 Short Blades
 - Level 2.0 Throwing
 - Level 1.3 Dodging
 + Level 7.9 Stealth


You had 4 spell levels left.
You didn't know any spells.
Your spell library was empty.

Dungeon Overview and Level Annotations

Branches:
Dungeon (4/15)             Temple (0/1) D:4

Altars:
Xom

Annotations:
D:2 4 exclusions
D:4 exclusion: 3 doors, Pikel


Innate Abilities, Weirdness & Mutations

You are very small and have problems with some larger weapons.
You are too small for most types of armour.
You have supernaturally acute eyesight. (SInv)
You cover ground extremely quickly. (Speed+++)


Message History

The howler monkey zombie hits you.
You completely miss the howler monkey zombie.
The howler monkey zombie is almost destroyed.
The howler monkey zombie hits you.
You hit the howler monkey zombie.
You destroy the howler monkey zombie!
There is an escape hatch in the floor here.
A kobold comes into view. It is wielding a +0 short sword.
The kobold shouts!
The kobold unwields a +0 short sword.
The kobold wields a +0 hand crossbow.
The kobold shoots a bolt.
The bolt hits you but does no damage.
Found a dagger.
A kobold comes into view. It is wielding a +0 short sword.
The kobold shouts!
You hit the kobold but do no damage. You drain the kobold.
The kobold is severely wounded.
The kobold hits you with a +0 short sword.
You hit the kobold.
You kill the kobold!
Things that are here:
a +0 short sword; a kobold corpse You hear the quick hiss of a distant avalanche of sand. 3 lemures come into view.
The lemure shouts! x2; You hear a shout!
You hear a bark! x3
A jackal comes into view.
A lemure and Pikel come into view.
Pikel is wielding a +2 whip of freezing.
The lemure moves out of view.
You hit the lemure but do no damage. The lemure barely misses you.
Things that are here:
a +0 short sword; a kobold corpse The kobold shouts!
The kobold shoots a bolt.
The bolt misses you.
The kobold shoots a bolt.
The bolt hits you!
* * * LOW HITPOINT WARNING * * *
The kobold unwields a +0 hand crossbow.
The kobold wields a +0 short sword.
The kobold closely misses you.
You barely miss the kobold.
The kobold hits you with a +0 short sword.
You die...

....##
#.....>...#####
##### #.
#...####### #..#
##..## #..#
#....##### ##..##
#........#
#....###.........
##..........#####..
#.......K...# .
#......@....##
#............#
#..##...###...#
#..###..# #...#
#..# #..# #....
#..# #..# #... #..#
#..# #. #))# #...
#.5# #....


You could see a kobold.

Vanquished Creatures
  A hound (D:4)
  Natasha (thrice) (D:3)
  An orc wizard (D:4)
  A hound skeleton (D:4)
  A howler monkey zombie (D:4)
  3 adders
  3 dart slugs
  An orc (D:3)
  7 bats
  5 endoplasms
  2 giant cockroaches
  4 goblins
  4 hobgoblins
  An iguana (D:4)
  2 jackals (D:4)
  2 quokkas
  10 ball pythons
  5 frilled lizards
  4 kobolds
  2 rats
62 creatures vanquished.

Notes
Turn   | Place    | Note
-------+----------+-------------------------------------------
     0 | D:1      | sasquatch the Spriggan Brigand began the quest for the Orb.
     0 | D:1      | Reached XP level 1. HP: 10/10 MP: 2/2
    47 | D:1      | Reached skill level 6 in Stealth
    77 | D:1      | Reached XP level 2. HP: 6/14 MP: 3/3
   462 | D:1      | You fall into a shaft and drop 1 floor!
  1053 | D:1      | Reached XP level 3. HP: 17/17 MP: 4/4
  1323 | D:1      | Found a faded altar of an unknown god.
  1803 | D:2      | Noticed a phantom
  2226 | D:3      | Noticed Natasha
  2230 | D:3      | Killed Natasha
  2231 | D:3      | Reached XP level 4. HP: 22/22 MP: 5/5
  2442 | D:3      | Noticed Natasha
  2456 | D:3      | Killed Natasha
  2457 | D:3      | Reached skill level 7 in Stealth
  2818 | D:3      | Noticed Natasha
  2834 | D:3      | Killed Natasha
  2835 | D:3      | Reached XP level 5. HP: 25/25 MP: 6/6
  3038 | D:3      | Reached skill level 5 in Short Blades
  3244 | D:4      | Noticed a black bear
  3248 | D:4      | Found a staircase to the Ecumenical Temple.
  3368 | D:4      | Found a shimmering altar of Xom.
  3804 | D:4      | Noticed a lemure
  3804 | D:4      | Noticed a lemure
  3804 | D:4      | Noticed a lemure
  3805 | D:4      | Noticed Pikel
  3805 | D:4      | Noticed a lemure
  3826 | D:4      | Slain by a kobold

Illustrated notes

Levels and vault maps discovered:
D:1:      tarquinn_simple_flora_water_d, layout_loops_cross,
          chequers_ecumenical_altar_twisty
D:2:      layout_loops_ring
D:3:      layout_loops_cross, minmay_misc_feat_pillars, minmay_misc_feat_alley,
          uniq_natasha
D:4:      layout_layer_cave, nicolae_kikubaaqudgha_miasma_corner,
          dk_xom_monty_hall, temple_pool_b, gup_ossuary_entry_pyramid,
          uniq_pikel

Skill      XL: |  1  2  3  4  5 |
---------------+----------------+-----
Stealth        | 6 7 |  7.9
Short Blades   | 3 4 5 |  5.7
Fighting       | |  1.5
Throwing       | |  2.0
Dodging        | |  1.3

Action                   |  1- 3 |  4- 6 || total
-------------------------+-------+-------++-------
Melee: Dagger            |    78 |   122 ||   200
Throw: Dart              |     2 |       ||     2
 Stab: Sleeping          |    16 |     7 ||    23
Armor: Robe              |    11 |    12 ||    23
Dodge: Dodged            |    45 |    57 ||   102
